 Dungeon Crawl Stone Soup version 0.21.1-1-g345015fe64 (webtiles) character file.

45556 dion0 the Fighter (level 14, -2/94 HPs)
             Began as a Gargoyle Fighter on July 7, 2018.
             Was a High Priest of the Shining One.
             Killed from afar by an ice dragon (27 damage)
             ... with a blast of cold
             ... on level 1 of the Orcish Mines.
             The game lasted 01:04:15 (16250 turns).

dion0 the Fighter (Gargoyle Fighter)               Turns: 16250, Time: 01:04:16

Health: -2/94      AC: 29    Str: 24    XL:     14   Next: 33%
Magic:  18/20      EV: 13    Int:  9    God:    the Shining One [*****.]
Gold:   1451       SH: 14    Dex: 14    Spells: 13/13 levels left

rFire    . . .     SeeInvis .   L - +5 dire flail
rCold    . . .     Gourm    .   (shield currently unavailable)
rNeg     + + +     Faith    .   b - +1 plate armour "Utsaff" {rN+}
rPois    ∞         Spirit   .   r - +0 helmet
rElec    +         Reflect  +   (no cloak)
rCorr    .         Harm     .   V - +0 pair of gloves
MR       +....                  (no boots)
Stlth    ..........             t - +5 amulet of reflection
HPRegen  0.65/turn              e - +2 ring of strength
MPRegen  0.17/turn              (no ring)

@: divine shield, glowing
A: big wings, agile 1, negative energy resistance 1, regeneration 1, electricity
resistance, unbreathing, petrification resistance, rot immunity, sturdy frame 1,
AC +10
a: Fly, Divine Shield, Cleansing Flame, Summon Divine Warrior, Renounce Religion


You were on level 1 of the Orcish Mines.
You worshipped the Shining One.
The Shining One was extremely pleased with you.
You were not hungry.

You visited 3 branches of the dungeon, and saw 18 of its levels.
You visited the Abyss 1 time.

You collected 1451 gold pieces.

Inventory:

Hand Weapons
 y - a +3 flail of protection
 D - a +1 shortbow
 E - a +2 whip of electrocution
 L - a +5 dire flail (weapon)
Missiles
 H - 291 arrows
 J - 3 throwing nets (quivered)
Armour
 b - the +1 plate armour "Utsaff" (worn) {rN+}
   (You found it on level 3 of the Lair of Beasts)

   It protects you from negative energy.
 c - a +0 shield
 r - a +0 helmet (worn)
 v - the +1 buckler of the Marlin {Int+6}
   (You acquired it on level 9 of the Dungeon)

   It affects your intelligence (+6).
 I - a +2 plate armour
 T - the +3 leather armour "Qeatagg" {rN++ Int+5 Dex-3}
   (You found it on level 12 of the Dungeon)

   It affects your intelligence (+5).
   It affects your dexterity (-3).
   It greatly protects you from negative energy.
 V - a +0 pair of gloves (worn)
Jewellery
 e - a +2 ring of strength (left hand)
 t - a +5 amulet of reflection (around neck)
 C - an uncursed ring of flight {unknown}
 G - an uncursed amulet of rage {unknown}
 K - an uncursed ring of resist corrosion {unknown}
 M - the amulet "Qunytoet" {Regen+ Stlth+}
   (You found it on level 7 of the Dungeon)

   [amulet of regeneration]

   It increases your rate of regeneration.
   It makes you more stealthy.
Wands
 n - a wand of polymorph (24)
 w - a wand of iceblast (23)
 P - a wand of disintegration (27)
 S - a wand of paralysis (21)
 Z - a wand of flame (41)
Scrolls
 a - 2 scrolls of amnesia
 l - a scroll of summoning
 m - 6 scrolls of identify
 o - 7 scrolls of immolation
 p - 10 scrolls of remove curse
 s - 5 scrolls of teleportation
 O - 5 scrolls of fog
 W - 2 scrolls of enchant weapon
Potions
 d - a potion of might
 g - 3 potions of resistance
 h - a potion of mutation
 j - 5 potions of agility
 k - 3 potions of brilliance {unknown}
 u - 5 potions of heal wounds {unknown}
 x - 2 potions of lignification {unknown}
 A - a potion of cancellation {unknown}
 F - 2 potions of invisibility {unknown}
 R - 3 potions of curing {unknown}
Books
 q - a book of Minor Magic

   Spells                             Type                      Level
   a - Magic Dart                     Conjuration                  1
   b - Blink                          Translocation                2
   c - Call Imp                       Summoning                    2
   d - Slow                           Hexes                        2
   e - Conjure Flame                  Conjuration/Fire             3
   f - Mephitic Cloud                 Conjuration/Poison/Air       3
 Y - Dedisseg's Volume of Shifting Displacement
   (You found it on level 3 of the Lair of Beasts)

   Spells                             Type                      Level
   a - Apportation                    Translocation                1
   b - Beastly Appendage              Transmutation                1
   c - Ignite Poison                  Fire/Transmutation/Poison    3
   d - Spider Form                    Transmutation/Poison         3
   e - Alistair's Intoxication        Transmutation/Poison         5
   f - Malign Gateway                 Summoning/Translocation      7
Comestibles
 f - 29 rations


   Skills:
 + Level 13.4 Fighting
 + Level 12.3 Maces & Flails
 + Level 11.3 Armour
 + Level 9.0 Dodging
 - Level 7.1 Shields
 + Level 9.1 Invocations


You had 13 spell levels left.
You didn't know any spells.

Dungeon Overview and Level Annotations

Branches:
Dungeon (13/15)            Temple (0/1) D:5            Lair (4/6) D:9
  Swamp (0/4) Lair:2        Snake (0/4) Lair:2          Orc (1/2) D:10
 Vaults: D:13-14

Altars:
Dithmenos
Gozag
Makhleb
Ru
Sif Muna
Trog
Uskayaw
Vehumet
Zin
The Shining One

Portals:
Ice
Cave: Orc:1

Annotations:
D:8 Maurice
D:9 Sonja


Innate Abilities, Weirdness & Mutations

You are resistant to torment.
Your stone body is resilient. (AC +10)
You are immune to poison.
Your large and strong wings let you fly indefinitely.
You resist negative energy. (rN+)
You are resistant to electric shocks. (rElec)
You can survive without breathing.
You are immune to petrification.
You are immune to rotting.
You are agile. (Dex +2)
Your natural rate of healing is unusually fast.
Your movements are slightly less encumbered by armour. (ER -2)


Message History

The ice dragon is almost dead.
You hear the loud crackling of a melting archway.
The yak gores you but does no damage.
You hit the ice dragon but do no damage.
The ice dragon is almost dead.
The ice dragon barely misses you.
The ice dragon claws you but does no damage.
The ice dragon misses you. You block the yak's attack.
You hit the ice dragon.
The ice dragon is almost dead.
The ice dragon closely misses you. You block the ice dragon's attack.
The ice dragon closely misses you.
You hit the ice dragon but do no damage.
The ice dragon is almost dead.
You block the yak's attack.
You thump the ice dragon!
The ice dragon is almost dead.
The ice dragon breathes frost at you. The blast of cold hits you!
You die...

##...#..........#........
#....##.#........#.....#.
##..######.......#....##.
# ###....#
##.......#..####
#.#.....##
#########....#. ........#
### ##...... ........####
#...# #.......
#.#...^.##.###......
##....#.
###.....#.#.@D...∩..
#....#.
#........####Y#.....
#.....# ........## ## ..#
##.#.## #.#.....# # #####
####..$.# ##...# ##.## ##


You could see an ice dragon and a yak.

Vanquished Creatures
  Kirke (D:12)
  An ettin (Orc:1)
  Harold (Lair:1)
  Fannar (D:10)
  The ghost of nawrastar the Martial Artist, a journeyman GnTm of Okawaru (D:11)
  3 hydras
  A centaur warrior (D:13)
  2 two-headed ogres
  Erica (D:10)
  A death knight (D:12)
  The ghost of GotenAND the Cleaver, a novice DDFi (D:7)
  Nergalle (Lair:1)
  A skeletal warrior (D:13)
  An unseen horror (D:11)
  Pikel (D:6)
  2 orc knights
  A cyclops (D:12)
  A manticore (D:12)
  2 black mambas (Lair:3)
  Joseph (Lair:1)
  A gargoyle (D:12)
  10 spiny frogs
  3 rime drakes
  4 komodo dragons
  2 kobold demonologists (D:11)
  A queen bee (D:12)
  4 trolls
  3 meliai
  10 blink frogs
  Grinder (D:5)
  3 polar bears
  6 slime creatures
  6 hippogriffs
  Sigmund (D:2)
  A spriggan (Lair:3)
  2 wraiths
  18 yaks
  4 basilisks
  3 hogs (D:12)
  Grum (Lair:1)
  Edmund (D:4)
  3 nagas (Lair:2)
  A hungry ghost (D:9)
  2 wargs (Orc:1)
  7 porcupines
  3 water moccasins
  3 ice beasts
  16 orc warriors
  2 sky beasts
  Purgy (D:4)
  An eye of draining (D:11)
  6 black bears
  A phantom (D:5)
  A necrophage (D:9)
  12 ogres
  20 wolves
  4 centaurs
  A big kobold (D:11)
  14 crocodiles
  Blork the orc (D:6)
  16 bullfrogs
  3 scorpions
  12 wights
  25 killer bees
  A howler monkey (D:11)
  2 crimson imps (D:8)
  2 quasits
  2 bullfrog zombies
  2 centaur zombies
  4 jellies
  12 orc priests
  2 hounds
  A bullfrog skeleton (D:3)
  2 centaur skeletons
  Ijyb (D:3)
  Natasha (thrice) (D:2)
  5 iguanas
  21 orc wizards
  13 worker ants
  Robin (D:2)
  A gnoll (D:8)
  13 adders
  3 shadow imps
  An ooze (D:7)
  3 adder skeletons
  5 worms
  2 dart slugs
  3 leopard geckos
  67 orcs
  2 ball pythons
  6 giant cockroaches
  12 goblins
  16 hobgoblins
  3 jackals (D:4)
  5 kobolds
  3 quokkas
  6 bats
  10 frilled lizards
  2 leopard gecko skeletons
  7 rats
  A bush (Lair:3)
510 creatures vanquished.

Vanquished Creatures (collateral kills)
  An orc warlord (Orc:1)
1 creature vanquished.

Vanquished Creatures (others)
  3 slaves (D:6)
  An ogre (D:6)
  A centaur (D:9)
  An adder (D:6)
  An orc (D:6)
  4 fungi
11 creatures vanquished.

Grand Total: 522 creatures vanquished

Notes
Turn   | Place    | Note
-------+----------+-------------------------------------------
     0 | D:1      | dion0 the Gargoyle Fighter began the quest for the Orb.
     0 | D:1      | Reached XP level 1. HP: 14/14 MP: 1/1
   220 | D:1      | Reached XP level 2. HP: 19/19 MP: 2/2
   880 | D:2      | Reached XP level 3. HP: 18/24 MP: 3/3
  1109 | D:2      | Reached skill level 4 in Fighting
  1115 | D:2      | Noticed Natasha
  1125 | D:2      | Killed Natasha
  1125 | D:2      | Reached XP level 4. HP: 10/29 MP: 4/4
  1330 | D:2      | Noticed Sigmund
  1351 | D:2      | Killed Sigmund
  1351 | D:2      | Reached XP level 5. HP: 7/34 MP: 5/5
  1351 | D:2      | Reached XP level 6. HP: 8/40 MP: 6/6
  1377 | D:2      | Noticed Natasha
  1612 | D:2      | Killed Natasha
  1612 | D:2      | Reached skill level 5 in Fighting
  1753 | D:2      | Found a shadowy altar of Dithmenos.
  1791 | D:2      | Noticed Natasha
  1812 | D:2      | Killed Natasha
  1929 | D:2      | Found a glowing silver altar of Zin.
  1975 | D:2      | Reached skill level 5 in Armour
  1981 | D:2      | Noticed Robin
  2118 | D:2      | Killed Robin
  2247 | D:2      | Gained mutation: Your natural rate of healing is unusually fast. [potion of mutation]
  2247 | D:2      | Gained mutation: Your movements are slightly less encumbered by armour. (ER -2) [potion of mutation]
  2247 | D:2      | Gained mutation: You are agile. (Dex +2) [potion of mutation]
  2326 | D:2      | Found an opulent altar of Gozag.
  2330 | D:2      | Found a deep blue altar of Sif Muna.
  2333 | D:2      | Found a hide-covered altar of Uskayaw.
  2336 | D:2      | Found a burning altar of Makhleb.
  2544 | D:3      | Noticed Ijyb
  2784 | D:3      | Found a radiant altar of Vehumet.
  2785 | D:3      | Reached XP level 7. HP: 44/44 MP: 7/7
  2786 | D:3      | Found a glowing golden altar of the Shining One.
  2893 | D:3      | Became a worshipper of the Shining One
  3106 | D:3      | Killed Ijyb
  3340 | D:4      | Noticed Purgy
  3348 | D:4      | Killed Purgy
  3348 | D:4      | Reached skill level 6 in Fighting
  3354 | D:4      | Reached skill level 5 in Maces & Flails
  3662 | D:4      | Noticed Edmund
  3686 | D:4      | Killed Edmund
  3686 | D:4      | Reached XP level 8. HP: 48/52 MP: 8/8
  3704 | D:4      | Found a sacrificial altar of Ru.
  4089 | D:5      | Entered Level 5 of the Dungeon
  4309 | D:5      | Reached * piety under the Shining One
  4357 | D:5      | Reached skill level 7 in Fighting
  4488 | D:5      | Reached skill level 5 in Shields
  4588 | D:5      | Found a staircase to the Ecumenical Temple.
  4634 | D:5      | Reached skill level 1 in Dodging
  4662 | D:5      | Noticed Grinder
  4671 | D:5      | Killed Grinder
  4908 | D:6      | Noticed Blork the orc
  4915 | D:6      | Killed Blork the orc
  4932 | D:6      | Reached XP level 9. HP: 57/57 MP: 9/9
  4978 | D:6      | Noticed Pikel
  4991 | D:6      | Killed Pikel
  5205 | D:6      | Reached skill level 8 in Fighting
  5421 | D:7      | Reached ** piety under the Shining One
  5561 | D:7      | Got a flickering emerald amulet
  5613 | D:7      | Noticed GotenAND's ghost (novice DDFi)
  5637 | D:7      | Killed GotenAND's ghost
  5637 | D:7      | Reached skill level 5 in Dodging
  5637 | D:7      | Reached XP level 10. HP: 41/65 MP: 10/10
  6397 | D:8      | Noticed a two-headed ogre
  6414 | D:8      | Killed a two-headed ogre
  6414 | D:8      | Reached skill level 9 in Fighting
  6586 | D:8      | Found a bloodstained altar of Trog.
  6666 | D:8      | Noticed Maurice
  6824 | D:9      | Reached *** piety under the Shining One
  6929 | D:9      | Found a staircase to the Lair.
  7044 | D:9      | Reached XP level 11. HP: 65/72 MP: 11/11
  7254 | D:9      | Noticed a two-headed ogre
  7266 | D:9      | Killed a two-headed ogre
  7266 | D:9      | Reached skill level 10 in Fighting
  7362 | D:9      | Identified a scroll of acquirement
  7363 | D:9      | Got a jewelled buckler
  7374 | D:9      | Identified the +1 buckler of the Marlin {Int+6} (You acquired it on level 9 of the Dungeon)
  7375 | D:9      | Identified the amulet "Qunytoet" {Regen+ Stlth+} (You found it on level 7 of the Dungeon)
  7392 | D:10     | Entered Level 10 of the Dungeon
  7416 | D:10     | Found a staircase to the Orcish Mines.
  7477 | D:10     | Noticed Erica
  7493 | D:10     | Killed Erica
  7741 | D:10     | Noticed Sonja
  7780 | D:10     | Noticed Fannar
  7831 | D:10     | Killed Fannar
  8005 | D:10     | Cast into level 1 of the Abyss (Sonja)
  8027 | D:10     | Escaped the Abyss
  9165 | Lair:1   | Entered Level 1 of the Lair of Beasts
  9165 | Lair:1   | Noticed Harold
  9183 | Lair:1   | Killed Harold
  9436 | Lair:1   | Noticed Joseph
  9455 | Lair:1   | Killed Joseph
  9626 | Lair:1   | Reached **** piety under the Shining One
  9627 | Lair:1   | Noticed Nergalle
  9629 | Lair:1   | Noticed Grum
  9688 | Lair:1   | Reached skill level 11 in Fighting
  9785 | Lair:1   | Killed Grum
  9785 | Lair:1   | Reached XP level 12. HP: 72/80 MP: 12/12
  9800 | Lair:1   | Killed Nergalle
  9800 | Lair:1   | Reached skill level 10 in Maces & Flails
 10246 | Lair:2   | Found a staircase to the Snake Pit.
 10437 | Lair:2   | Found a staircase to the Swamp.
 11000 | D:11     | Noticed nawrastar's ghost (journeyman GnTm)
 11019 | D:11     | Reached skill level 10 in Armour
 11033 | D:11     | Killed nawrastar's ghost
 11577 | D:11     | Reached skill level 12 in Fighting
 11928 | D:12     | HP: 4/81 [meliai/divine providence (9)]
 12006 | D:12     | Got a steaming leather armour
 12017 | D:12     | Reached ***** piety under the Shining One
 12030 | D:12     | Reached skill level 1 in Invocations
 12229 | D:12     | Identified the +3 leather armour "Qeatagg" {rN++ Int+5 Dex-3} (You found it on level 12 of the Dungeon)
 12468 | D:12     | Reached XP level 13. HP: 87/87 MP: 15/15
 12864 | D:13     | Reached skill level 5 in Invocations
 12921 | D:13     | Noticed Kirke
 13005 | D:12     | Killed Kirke
 13501 | Lair:3   | Identified Dedisseg's Volume of Shifting Displacement
 13754 | Lair:3   | Reached skill level 13 in Fighting
 14168 | Lair:3   | Got a translucent plate armour
 14182 | Lair:3   | Identified the +1 plate armour "Utsaff" {rN+} (You found it on level 3 of the Lair of Beasts)
 14631 | Lair:3   | Gained mutation: Your large and strong wings let you fly indefinitely. [Gargoyle growth]
 14631 | Lair:3   | Reached XP level 14. HP: 93/94 MP: 20/20
 15511 | Orc:1    | Entered Level 1 of the Orcish Mines
 15813 | Orc:1    | Noticed an orc warlord
 15828 | Orc:1    | Killed an orc warlord
 16207 | Orc:1    | Found a frozen archway.
 16250 | Orc:1    | Killed from afar by an ice dragon

Skill      XL: |  1  2  3  4  5  6  7  8  9 10 11 12 13 14 |
---------------+-------------------------------------------+-----
Fighting       | 4 5 6 7 8 9 11 12 13 | 13.4
Maces & Flails | 3 4 5 6 7 8 9 11 12 | 12.3
Armour         | 4 5 7 9 10 11 | 11.3
Shields        | 4 5 7 |  7.1
Dodging        | 2 5 6 7 8 9 |  9.0
Invocations    | 3 8 9 |  9.1

Action                   |  1- 3 |  4- 6 |  7- 9 | 10-12 | 13-15 || total
-------------------------+-------+-------+-------+-------+-------++-------
Melee: Flail             |   100 |   180 |   345 |   354 |       ||   979
       Unarmed           |       |     5 |       |       |       ||     5
       Dire flail        |       |       |       |   416 |   653 ||  1069
Invok: Divine Shield     |       |       |       |     1 |     3 ||     4
       Summon Divine War |       |       |       |       |     1 ||     1
  Use: Scroll            |       |     2 |     2 |    19 |     1 ||    24
       Potion            |       |     1 |       |     5 |     3 ||     9
 Stab: Confused          |       |     1 |       |       |       ||     1
  Eat: Chunk             |     1 |     6 |     9 |    10 |     6 ||    32
       Ration            |       |       |       |     4 |     2 ||     6
Armor: Scale mail        |    68 |   110 |   138 |     6 |       ||   322
       Plate armour      |       |       |       |   467 |   417 ||   884
Dodge: Dodged            |    41 |   100 |    88 |   355 |   374 ||   958
Block: Shield            |    39 |       |   236 |   207 |       ||   482
       Other             |       |       |    16 |   102 |   244 ||   362
       Reflection        |       |       |     6 |     7 |     3 ||    16
       Buckler           |       |       |       |    78 |       ||    78
